 Dungeon Crawl Stone Soup version 0.29.1-4-g47bece8355 (webtiles) character file.

Game seed: 9261007546183770102

162 mester the Ruffian (level 5, -1/53 HPs)
             Began as a Troll Chaos Knight on Dec 1, 2022.
             Was a Plaything of Xom.
             Slain by an orc priest
             ... wielding a +0 club
              (4 damage)
             ... on level 3 of the Dungeon on Dec 2, 2022.
             The game lasted 00:10:44 (1672 turns).

mester the Ruffian (Troll Chaos Knight)             Turns: 1672, Time: 00:10:45

Health: -1/53      AC:  6    Str: 22    XL:     5   Next: 19%
Magic:  4/4        EV: 10    Int:  8    God:    Xom [......]
Gold:   133        SH:  0    Dex:  9    Spells: 4/4 levels left

rFire   . . .      SeeInvis .     - Unarmed
rCold   . . .      Faith    .   (no shield)
rNeg    . . .      Spirit   .   a - +2 robe
rPois   .          Reflect  .   (helmet restricted)
rElec   .          Harm     .   (no cloak)
rCorr   .          Rampage  .   (gloves unavailable)
Will    .....                   (boots unavailable)
Stlth   +.........              (no amulet)
HPRegen 0.97/turn               (no ring)
MPRegen 0.09/turn               (no ring)

@: no status effects
A: large, unfitting armour, claws 3, regeneration 1, shaggy fur 1, tough skin 1
a: Renounce Religion


You were on level 3 of the Dungeon.
You worshipped Xom.
You were a very special plaything of Xom.
You visited 1 branch of the dungeon, and saw 3 of its levels.

You collected 133 gold pieces.

Inventory:

Hand Weapons
 h - a +0 trident
 l - a +0 club
 p - a +0 hand axe
Missiles
 e - 5 poisoned darts
 n - 4 stones
Armour
 a - a +2 robe (worn)
 g - a +0 ring mail
 q - a +0 scale mail
Jewellery
 m - a +6 ring of intelligence
Wands
 i - a wand of flame (17)
Scrolls
 c - 2 scrolls of teleportation {unknown}
 f - a scroll of identify {unknown}
 j - a scroll of immolation {unknown}
Potions
 d - a potion of heal wounds {unknown}
 k - a potion of curing {unknown}
 o - a potion of attraction {unknown}
Miscellaneous
 b - a piece from Xom's chessboard (15/15) (quivered)


   Skills:
 + Level 3.1 Fighting
 + Level 3.4 Dodging
 + Level 0.2 Stealth
 + Level 4.0 Unarmed Combat


You had 4 spell levels left.
You didn't know any spells.
Your spell library was empty.

Dungeon Overview and Level Annotations

Branches:
Dungeon (3/15)

Altars:


Innate Abilities, Weirdness & Mutations

You are too large for most types of armour.
You have claws for hands.
Your natural rate of healing is unusually fast.
You are covered in fur. (AC +1)
You have tough skin. (AC +1)


Message History

Unknown command.
Unknown command.
Unknown command.
Unknown command.
Unknown command.
Unknown command.
Unknown command.
Unknown command.
Unknown command.
Unknown command.
You bump into the rock wall.
The orc priest hits you but does no damage.
The orc hits you with a +0 flail.
* * * LOW HITPOINT WARNING * * *
A rat comes into view.
You bump into the rock wall.
The orc priest closely misses you. The orc hits you with a +0 flail.
* * * LOW HITPOINT WARNING * * *
You closely miss the orc.
The orc is heavily wounded.
You feel less confused.
You scratch the orc.
You kill the orc!
The orc priest hits you with a +0 club.
* * * LOW HITPOINT WARNING * * *
You scratch the endoplasm.
You kill the endoplasm!
The orc priest hits you with a +0 club.
* * * LOW HITPOINT WARNING * * *
The crimson imp blinks!
Your Unarmed Combat skill increases to level 4!
The orc priest attacks as you move away!
The orc priest barely misses you. The orc hits you with a +0 club.
* * * LOW HITPOINT WARNING * * *
Items here: )) [[ †.
You claw the orc!
You kill the orc!
The orc priest hits you with a +0 club.
You die...
Xom chuckles heartily!

##....#######
#######..##.......#
...####.........#######.#
.......<#####.#.# ##..#
....##### #†..# #..## ..
####..## ##.## #.....#
##..# ### #.
#.5..#####..#.......
##...#..#.r@o5.o...##....
....).[...#####.......###
...#....##.:....#######
......... .##.###
#.>?...##..##. .......
.... ###.[.# ..[ #.#. ...
..#. .#..


You could see an orc priest (resistant), a crimson imp (summoned), a shadow imp
(summoned), an orc and a rat.

Vanquished Creatures
  An orc wizard (D:3)
  9 adders
  A dart slug (D:1)
  2 orcs (D:3)
  5 ball pythons
  5 endoplasms
  A giant cockroach (D:1)
  4 goblins
  5 hobgoblins
  8 jackals (D:2)
  2 quokkas
  2 frilled lizards (D:2)
  4 kobolds (D:1)
  7 rats
56 creatures vanquished.

Notes
Turn   | Place    | Note
-------+----------+-------------------------------------------
     0 | D:1      | mester the Troll Chaos Knight began the quest for the Orb.
     0 | D:1      | Reached XP level 1. HP: 22/22 MP: 0/0
    47 | D:1      | XOM: smoke on damage
    83 | D:1      | Reached XP level 2. HP: 29/29 MP: 1/1
   285 | D:1      | XOM: silly message
   362 | D:1      | XOM: silly message
   798 | D:2      | XOM: 1-stop teleportation journey
   802 | D:2      | XOM: noise
   803 | D:2      | Reached XP level 3. HP: 36/36 MP: 2/2
   844 | D:2      | Reached XP level 4. HP: 44/44 MP: 3/3
   888 | D:2      | XOM: enchant monster (bad)
  1015 | D:2      | XOM: swap monsters
  1583 | D:2      | XOM is BORED!
  1646 | D:3      | XOM: summons 2 hostile demons
  1655 | D:3      | XOM: enchant monster (bad)
  1658 | D:3      | XOM: blink monster(s)
  1660 | D:3      | Reached XP level 5. HP: 20/53 MP: 4/4
  1661 | D:3      | XOM: confusion
  1671 | D:3      | Reached skill level 4 in Unarmed Combat
  1671 | D:3      | HP: 2/53 [orc/+0 club (2)]
  1672 | D:3      | Slain by an orc priest

Illustrated notes

Levels and vault maps discovered:
D:1:      amcnicky_arrival_single_pillar, layout_basic, chequers_arboretum
D:2:      layout_rooms, hangedman_decor_growths
D:3:      layout_rooms, jmf_multi_god_temple,
          shapermc_ecumenical_altar_mp_vishouse

Skill      XL: |  1  2  3  4  5 |
---------------+----------------+-----
Dodging        | 2 3 |  3.4
Fighting       | 3 |  3.1
Unarmed Combat | 4 |  4.0
Stealth        | |  0.2

Action                   |  1- 3 |  4- 6 || total
-------------------------+-------+-------++-------
Melee: Unarmed           |    85 |    81 ||   166
       Punch             |     1 |     1 ||     2
Evoke: Piece from Xom's  |     1 |       ||     1
 Stab: Sleeping          |     1 |       ||     1
Armor: Robe              |   250 |    30 ||   280
Dodge: Dodged            |   312 |    42 ||   354
